cohdb
Replays
Latest Replays
All Replays
Popular Replays
Top Player Replays
Match Explorer
How It Works
Community
CoH3 Stats
Reddit
Sign in to upload your games and track your stats! →
Sign in with Steam
Match 39486384
Unlisted
Match 39486384
Overview
Messages
Build Orders
End
Construct Barracks
Selects Heavy Weapons
Riflemen Squad
Riflemen Squad
Riflemen Squad
Construct Weapon Support Center
M1919 Machine Gun Team
Grenade Package
Selects M2HB .50cal Heavy Machine Gun
Selects Assault Carriers
Construct Medical Station
Bazooka Squad
Infantry Support Center
M1919 Machine Gun Team
M3 Assault Carrier
Selects Gallant Stand
Selects Black Dragon Artillery Barrage
Bazooka Squad
M3 Assault Carrier
Construct Tank Depot
Engineer Squad
Selects Halftrack Strongpoints
Survival Training
Selects M26 Pershing Heavy Tank
M26 Pershing Heavy Tank
Halftrack Strongpoints
Black Dragon Artillery Barrage
M4(105) Sherman Bulldozer
XuZhongwei
The Meow
CPU - 标准
CPU - 标准
0
0
Comments
sign in to comment!
No comments posted yet!